 Dungeon Crawl Stone Soup version 0.21.0-3-g78d12a8 (webtiles) character file.

42 BonjourVileCrotch the Caller (level 3, 0/36 HPs)
             Began as a Formicid Summoner on Jan 13, 2018.
             Succumbed to an adder's poison
             ... on level 2 of the Dungeon.
             The game lasted 00:04:31 (2186 turns).

BonjourVileCrotch the Caller (Formicid Summoner)    Turns: 2186, Time: 00:04:32

Health: 0/36       AC: 21    Str: 12    XL:     3   Next: 77%
Magic:  6/6        EV:  2    Int: 20    God:
Gold:   19         SH:  0    Dex: 11    Spells: 0/6 levels left

rFire    . . .     SeeInvis .   f - +0 hand axe
rCold    . . .     Gourm    .   (no shield)
rNeg     + + +     Faith    .   (armour currently unavailable)
rPois    +         Spirit   .   (helmet unavailable)
rElec    .         Reflect  .   (cloak currently unavailable)
rCorr    .         Harm     .   (gloves currently unavailable)
MR       .....                  (boots currently unavailable)
Stlth    ++........             (no amulet)
HPRegen  0.12/turn              (no ring)
MPRegen  0.10/turn              (no ring)

@: brilliant, lethally poisoned (0 -> -1), tree-form (expiring)
A: permanent stasis, dig shafts and tunnels, four strong arms
a: no special abilities


You were on level 2 of the Dungeon.
You were hungry.
You were a tree.
You visited 1 branch of the dungeon, and saw 2 of its levels.

You collected 19 gold pieces.

Inventory:

Hand Weapons
 f - a +0 hand axe (weapon)
 k - a +0 dagger
Armour
 a - a +0 robe (melded)
Scrolls
 d - 2 scrolls of identify {unknown}
 e - a scroll of immolation {unknown}
 h - a scroll of amnesia {unknown}
 j - a scroll of random uselessness {unknown}
 l - a scroll of fear {unknown}
 n - a scroll of enchant weapon {unknown}
Books
 b - a book of Callings

   Spells                             Type                      Level
   a - Summon Small Mammal            Summoning                    1
   b - Call Imp                       Summoning                    2
   c - Call Canine Familiar           Summoning                    3
   d - Summon Guardian Golem          Hexes/Summoning              3
   e - Summon Lightning Spire         Summoning/Air                4
   f - Summon Ice Beast               Ice/Summoning                4
Comestibles
 c - 2 rations


   Skills:
 - Level 1.7 Dodging
 - Level 3.4 Stealth
 - Level 2.1 Spellcasting
 + Level 4.8 Summonings


You couldn't memorise any spells.
You knew the following spells:

 Your Spells              Type           Power        Failure   Level  Hunger
a - Summon Small Mammal   Summ           ####         1%          1    #......
b - Call Imp              Summ           ####....     1%          2    ##.....
c - Call Canine Familiar  Summ           ####....     1%          3    ###....


Dungeon Overview and Level Annotations

Branches:
Dungeon (2/15)

Altars:


Innate Abilities, Weirdness & Mutations

You cannot be hasted, slowed, berserked, paralysed or teleported.
You can dig through walls and to a lower floor.
Your four strong arms can wield two-handed weapons with a shield.
((You have a pair of large antennae on your head. (SInv)))


Message History

Your hound barely misses the giant cockroach.
Your hound closely misses the giant cockroach.
The giant cockroach bites you but does no damage.
You hit the giant cockroach.
You kill the giant cockroach!
* * * LOW HITPOINT WARNING * * *
You feel sick.
It was a potion of brilliance.
You feel clever all of a sudden.
There is a lethal amount of poison in your body!
* * * LOW HITPOINT WARNING * * *
You feel sick.
* * * LOW HITPOINT WARNING * * *
You feel sick.
Your transformation is almost over.
* * * LOW HITPOINT WARNING * * *
You feel sick.
* * * LOW HITPOINT WARNING * * *
You feel sick.
You die...

. ..# .#.# .#.#
## . ... . #..
##.# .#
#...##..##.###..
#...........)...
.......♣<.......
.......h...<....
#...............
................
..##..........##
. ..........#.#
...............
...............


You could see a friendly hound.

Vanquished Creatures
  2 giant cockroaches
  4 goblins (D:1)
  3 hobgoblins
  4 kobolds (D:1)
  3 bats (D:1)
  2 frilled lizards (D:1)
  2 rats (D:1)
20 creatures vanquished.

Vanquished Creatures (collateral kills)
  An adder (D:2)
  3 dart slugs (D:1)
  2 goblins (D:1)
  A hobgoblin (D:1)
  3 bats (D:1)
  A kobold (D:1)
11 creatures vanquished.

Grand Total: 31 creatures vanquished

Notes
Turn   | Place    | Note
-------+----------+-------------------------------------------
     0 | D:1      | BonjourVileCrotch the Formicid Summoner began the quest for the Orb.
     0 | D:1      | Reached XP level 1. HP: 13/13 MP: 3/3
   450 | D:1      | Reached XP level 2. HP: 5/19 MP: 0/5
  1165 | D:1      | Learned a level 2 spell: Call Imp
  1192 | D:1      | Reached XP level 3. HP: 7/24 MP: 3/6
  1842 | D:1      | Learned a level 3 spell: Call Canine Familiar
  2178 | D:2      | HP: 1/36 [poisoned by an adder]
  2186 | D:2      | Succumbed to an adder's poison

Skill      XL: |  1 |
---------------+----+-----
Stealth        | 3 |  3.4
Dodging        | |  1.7
Spellcasting   | |  2.1
Summonings     | |  4.8

Action                   || total
-------------------------++-------
Melee: Unarmed           ||    35
       Hand axe          ||    67
 Cast: Summon Small Mamm ||    11
       Call Imp          ||     3
       Call Canine Famil ||     2
  Use: Potion            ||     2
 Stab: Sleeping          ||     2
       Distracted        ||     1
  Eat: Chunk             ||     4
Armor: Robe              ||    45
       Skin              ||     1
Dodge: Dodged            ||   117
